 Dungeon Crawl Stone Soup version 0.29-a0-275-g389c0b56f3 (webtiles) character file.

Game seed: 8681474986765169748

8915 enile the Thaumaturge (level 11, -5/84 HPs)
             Began as a Djinni Fire Elementalist on Mar 13, 2022.
             Was an Elder of Qazlal.
             Slain by a goliath frog (14 damage)
             ... summoned by a worldbinder
             ... on level 2 of the Abyss.
             The game lasted 00:21:18 (17753 turns).

enile the Thaumaturge (Djinni Fire Elementalist)   Turns: 17753, Time: 00:21:19

Health: -5/84      AC:  6    Str:  7    XL:     11   Next: 64%
Gold:   522        EV: 13    Int: 20    God:    Qazlal [****..] SH:  8 Dex: 15

rFire   + + +      SeeInvis .   y - +2 short sword (venom)
rCold   x x .      Faith    .   h - +0 buckler
rNeg    . . .      Spirit   .   a - +0 robe
rPois   ∞          Reflect  .   (no helmet)
rElec   .          Harm     .   (no cloak)
rCorr   .          Rampage  .   (no gloves)
Will    +....                   (boots unavailable)
Stlth   +.........              (no amulet)
HPRegen 0.24/turn               k - ring of fire
MPRegen 0.00/turn               A - +4 ring of protection

@: flying, repel missiles
A: sickness immunity, fire resistance 2, cold vulnerability 1, float, innate
caster, HP casting, extra vitality 1
a: Renounce Religion, Upheaval, Elemental Force


You were on level 2 of the Abyss.
You worshipped Qazlal.
Qazlal was greatly pleased with you.
You visited 2 branches of the dungeon, and saw 10 of its levels.
You visited the Abyss 1 time.
You also visited: Sewer, Ossuary and Volcano.

You collected 522 gold pieces.

Inventory:

Hand Weapons
 m - a +0 whip of flaming
 y - a +2 short sword of venom (weapon)
Armour
 a - a +0 robe (worn)
 h - a +0 buckler (worn)
 D - an orb of wrath
Magical Staves
 E - a staff of cold
Jewellery
 k - a ring of fire (left hand)
 A - a +4 ring of protection (right hand)
Wands
 f - a wand of iceblast (25)
 n - a wand of acid (3)
 H - a wand of paralysis (4)
 I - a wand of digging (6)
Scrolls
 c - 2 scrolls of teleportation
 d - a scroll of silence
 j - 2 scrolls of amnesia
 q - 2 scrolls of vulnerability
 s - 2 scrolls of brand weapon
 t - a scroll of enchant armour
 u - 2 scrolls of enchant weapon
 w - a scroll of fog
 B - a scroll of blinking {unknown}
 C - a scroll of fear (quivered)
 G - a scroll of torment
Potions
 b - 2 potions of degeneration
 e - 2 potions of attraction
 g - a potion of magic {unknown}
 i - a potion of mutation {unknown}
 l - 4 potions of brilliance
 o - 5 potions of curing {unknown}
 p - 4 potions of flight {unknown}
 r - 2 potions of lignification
 v - a potion of might {unknown}
 z - a potion of cancellation
 F - a potion of resistance {unknown}


   Skills:
 - Level 9.0 Fighting
 - Level 4.0 Dodging
 - Level 1.5 Stealth
 + Level 10.6 Spellcasting
 - Level 6.0 Invocations


You had 3 spell levels left.
You knew the following spells:

 Your Spells              Type           Power      Damage    Failure   Level
a - Foxfire               Conj/Fire      100%       2x1d9     1%          1
b - Scorch                Fire           100%       2d10      1%          2
c - Conjure Flame         Conj/Fire      68%        6-21      1%          3
d - Inner Flame           Hex/Fire       68%        N/A       1%          3
e - Flame Wave            Conj/Fire      68%        2d13      1%          4
f - Summon Small Mammal   Summ           100%       N/A       1%          1
g - Ensorcelled Hibernat  Hex/Ice        100%       N/A       1%          2
h - Portal Projectile     Hex/Tloc       100%       N/A       1%          3
i - Airstrike             Air            26%        N/A       1%          4
j - Lee's Rapid Deconstr  Erth           26%        3d15*     3%          5
Your spell library was empty.

Dungeon Overview and Level Annotations

Branches:
Dungeon (9/15)             Temple (0/1) D:5            Lair (1/6) D:8
  Sewer (visited)         Ossuary (visited)         Volcano (visited)
    Orc: D:9-12

Altars:
Gozag
Hepliaklqana
Okawaru
Qazlal
Uskayaw
Wu Jian
The Shining One

Shops:
D:3 [


Innate Abilities, Weirdness & Mutations

You are immune to sickness and miasma.
You are immune to poison.
Your flesh is very heat resistant. (rF++)
You are vulnerable to cold. (rC-)
You float through the air rather than walking.
You learn spells naturally, not from books.
Your magical power is your life essence.
You have superior vitality. (+4 MHP)


Message History

You finish putting on your +0 buckler.
Casting: Lee's Rapid Deconstruction (dangerous; 3% risk of failure)
Confirm with . or Enter, or press ? or * to list all spells.
Okay, then.
You need no library to learn spells.
You can't go up here!
You reach down and open the door.
There is an open door here.
A spatial maelstrom comes into view.
There is an open door here.
A smoke demon comes into view.
There is an open door here.
You reach down and close the door.
Aiming: Dig
Press: ? - help, Shift-Dir - straight line Digging in that direction won't affect any walls.
A metal wall.
Okay, then.
You start waiting.
You reach down and open the door.
There is an open door here.
Done exploring.
There are no items here.
There is an open door here.
You reach down and close the door.
Something unseen opens the door.
You hear a deafening roar!
The worldbinder calls forth creatures from the Swamp!
You block the worldbinder's attack. x2; The goliath frog completely misses you.
The bog body touches you! The bog body freezes you!!
You feel a terrible chill! The worldbinder hits you.
You block the worldbinder's attack. The goliath frog barely misses you.
The worldbinder hits you. The worldbinder completely misses you.
The bog body touches you. The bog body freezes you!!
You feel a terrible chill!
* * * LOW HITPOINT WARNING * * *
The worldbinder hits you.
* * * LOW HITPOINT WARNING * * *
The worldbinder hits you but does no damage.
The goliath frog hits you!
You die...

#####
#
#F@n#
.#x###
..n.
#### #
#.≈#
≈≈# §
. ≈≈≈
#. ##
#


You could see a goliath frog (summoned), a worldbinder and 2 bog bodies.

Vanquished Creatures
  A wizard (Volcano)
  Pikel (D:8)
  An ugly thing (D:8)
  A gargoyle (D:9)
  A rime drake (Lair:1)
  Maggie (D:6)
  A tengu conjurer (D:8)
  Grinder (D:3)
  Prince Ribbit (D:5)
  2 wyverns (D:9)
  A shadow (D:9)
  11 yaks
  2 vampires
  An acid dragon (D:8)
  3 water moccasins
  Duvessa (D:6)
  4 ice beasts
  An orc warrior (D:9)
  2 black bears (D:5)
  An elf zombie (Ossuary)
  A kobold brigand (D:8)
  3 bullfrogs
  A necrophage (D:5)
  A gnoll sergeant (D:6)
  4 scorpions
  3 wights (D:8)
  12 killer bees
  A vampire bat (Lair:1)
  5 howler monkeys
  2 jellies
  An orc priest (D:7)
  3 hounds
  4 iguanas
  Jessica (D:3)
  Ijyb (D:5)
  10 orc wizards
  3 hound zombies (Ossuary)
  4 mummies (Ossuary)
  6 gnolls
  6 river rats
  7 adders
  2 shadow imps (D:7)
  A white imp (D:6)
  An ufetubus (D:5)
  3 adder zombies (Ossuary)
  A worm (D:2)
  2 dart slugs
  28 orcs
  4 ball pythons
  8 endoplasms
  3 giant cockroaches
  A gnoll zombie (Ossuary)
  9 goblins
  6 hobgoblins
  6 jackals (D:2)
  17 kobolds
  12 bats
  11 frilled lizards
  A goblin zombie (Ossuary)
  3 hobgoblin zombies (Ossuary)
  9 rats
  2 foxfires
247 creatures vanquished.

Vanquished Creatures (collateral kills)
  Dowan (D:6)
  A foxfire (D:4)
2 creatures vanquished.

Vanquished Creatures (others)
  538 foxfires
  A fungus (D:1)
539 creatures vanquished.

Grand Total: 788 creatures vanquished

Notes
Turn   | Place    | Note
-------+----------+-------------------------------------------
     0 | D:1      | enile the Djinni Fire Elementalist began the quest for the
                  | Orb.
     0 | D:1      | Reached XP level 1. HP: 15/15 MP: 0/0
   208 | D:1      | Reached skill level 1 in Fighting
   348 | D:1      | Reached XP level 2. HP: 17/22 MP: 0/0
  1226 | D:1      | Found a faded altar of an unknown god.
  1240 | D:1      | Reached XP level 3. HP: 27/29 MP: 0/0
  1240 | D:1      | Learned a level 1 spell: Summon Small Mammal
  1250 | D:1      | Prayed at the altar of an unknown god.
  1250 | D:1      | Became a worshipper of Qazlal Stormbringer
  1250 | D:1      | Reached * piety under Qazlal
  2438 | D:2      | Reached XP level 4. HP: 34/35 MP: 0/0
  2903 | D:2      | Reached ** piety under Qazlal
  2906 | D:2      | Reached skill level 3 in Spellcasting
  3642 | D:3      | Found a glowing drain.
  3646 | Sewer    | Entered a sewer
  3696 | Sewer    | Reached XP level 5. HP: 19/40 MP: 0/0
  3696 | Sewer    | Learned a level 2 spell: Ensorcelled Hibernation
  4737 | D:3      | Noticed Jessica
  4748 | D:3      | Killed Jessica
  4749 | D:3      | Reached skill level 4 in Spellcasting
  4908 | D:3      | Reached XP level 6. HP: 44/46 MP: 0/0
  5301 | D:3      | Noticed Grinder
  5737 | D:3      | Paralysed by Grinder for 7 turns
  5747 | D:3      | Paralysed by Grinder for 7 turns
  5759 | D:3      | Killed Grinder
  5760 | D:3      | Reached skill level 5 in Fighting
  5760 | D:3      | Reached XP level 7. HP: 20/54 MP: 0/0
  5760 | D:3      | Learned a level 3 spell: Portal Projectile
  6105 | D:3      | Found Lieni's Armour Boutique.
  6531 | D:4      | Found a sand-covered staircase.
  6540 | Ossuary  | Entered an ossuary
  6609 | Ossuary  | HP: 4/81 [elf zombie (5)]
  7187 | Ossuary  | Reached *** piety under Qazlal
  7188 | Ossuary  | Reached XP level 8. HP: 54/59 MP: 0/0
  7345 | D:4      | Found a hazy altar of Hepliaklqana.
  7345 | D:4      | Found an opulent altar of Gozag.
  7346 | D:4      | Found an ornate altar of the Wu Jian Council.
  8029 | D:4      | Reached skill level 5 in Spellcasting
  8262 | D:5      | Entered Level 5 of the Dungeon
  8538 | D:5      | Noticed Prince Ribbit
  8538 | D:5      | Noticed Ijyb
  8541 | D:5      | Killed Prince Ribbit
  8542 | D:5      | Reached skill level 6 in Spellcasting
  9478 | D:5      | Reached XP level 9. HP: 61/67 MP: 0/0
  9478 | D:5      | Learned a level 4 spell: Airstrike
  9610 | D:5      | Reached skill level 1 in Invocations
  9620 | D:5      | HP: 3/68 [ice beast (16)]
 10132 | D:5      | Killed Ijyb
 10690 | D:5      | Found a staircase to the Ecumenical Temple.
 10876 | D:6      | Noticed Duvessa
 10897 | D:6      | Killed Duvessa
 11213 | D:6      | Noticed Dowan
 11220 | D:6      | Killed Dowan
 11500 | D:6      | Noticed Maggie
 11520 | D:6      | Killed Maggie
 12524 | D:6      | Reached XP level 10. HP: 57/78 MP: 0/0
 12822 | D:7      | Reached skill level 7 in Spellcasting
 13106 | D:7      | Identified the +2 ring mail of Kilits {rPois SInv}
 13253 | D:7      | Found an iron altar of Okawaru.
 13754 | D:8      | Found a staircase to the Lair.
 14036 | D:8      | Noticed Pikel
 14042 | D:8      | Killed Pikel
 14043 | D:8      | Reached skill level 8 in Spellcasting
 14102 | D:8      | Noticed a catoblepas
 14102 | D:8      | Noticed a green ugly thing
 14658 | D:9      | Reached skill level 9 in Spellcasting
 14662 | D:9      | Reached **** piety under Qazlal
 14670 | D:9      | Reached XP level 11. HP: 32/84 MP: 0/0
 14670 | D:9      | Learned a level 5 spell: Lee's Rapid Deconstruction
 15550 | D:9      | Reached skill level 10 in Spellcasting
 16165 | D:8      | Reached skill level 5 in Invocations
 16220 | D:8      | Killed a green ugly thing
 16685 | D:8      | Found a hide-covered altar of Uskayaw.
 16693 | D:8      | Found a glowing golden altar of the Shining One.
 17158 | Lair:1   | Entered Level 1 of the Lair of Beasts
 17306 | Lair:1   | Found a dark tunnel.
 17315 | Volcano  | Entered a volcano
 17317 | Volcano  | Noticed a wizard
 17318 | Volcano  | Noticed a toenail golem
 17319 | Volcano  | Noticed a toenail golem
 17322 | Volcano  | Killed a wizard
 17327 | Volcano  | Noticed a wizard
 17327 | Volcano  | Cast into level 2 of the Abyss (a wizard)
 17499 | Abyss:2  | Noticed a spatial maelstrom
 17617 | Abyss:2  | Noticed a worldbinder
 17751 | Abyss:2  | Noticed a bog body
 17751 | Abyss:2  | Noticed a bog body
 17751 | Abyss:2  | Noticed a goliath frog
 17753 | Abyss:2  | Slain by a goliath frog

Illustrated notes

Levels and vault maps discovered:
D:1:      dpeg_arrival_fog, layout_basic, shapermc_ecumenical_altar_acropolis
D:2:      layout_loops_corners, st_stairs_5
D:3:      layout_rooms, serial_shops, nicolae_square_shop, gup_sewer_entry_bowl,
          small_statue_alley_b, patterned_corridor, uniq_grinder, uniq_jessica
D:4:      minmay_chambers_of_twos, layout_basic, gammafunk_temple_overflow_claw,
          chequers_ossuary_entry_cave
D:5:      layout_basic, minmay_temple_entry_nine_rooms,
          hangedman_decor_riveting, nrook_loot_triangle, uniq_prince_ribbit1,
          uniq_ijyb
D:6:      layout_basic, lightli_orcish_oven, uniq_maggie, uniq_duvessa
D:7:      nicolae_cairo_tiling_large_dashed, layout_basic,
          okawaru_ov_weapons_minmay, dk_rats_in_the_wall
D:8:      layout_cave_pods, mainiacjoe_overflow_big_doors, lair_entry_dummy,
          minmay_radiant, uniq_pikel
D:9:      layout_stronghold
Lair:1:   layout_hall_layers, nicolae_volcano_entry_lava_flow, roderic_batcave
Abyss:2:  base: D:4, hangedman_decor_points
Volcano:  volcano_bunker

Skill      XL: |  1  2  3  4  5  6  7  8  9 10 11 |
---------------+----------------------------------+-----
Fighting       | 1 2 3 5 6 9 |  9.0
Spellcasting   | 3 4 6 9 10 | 10.6
Dodging        | 4 |  4.0
Invocations    | 4 6 |  6.0
Stealth        | |  1.5

Action                   |  1- 3 |  4- 6 |  7- 9 | 10-12 || total
-------------------------+-------+-------+-------+-------++-------
Melee: Unarmed           |    10 |       |       |       ||    10
       Whip              |       |    17 |    32 |       ||    49
       Short sword       |       |       |    15 |    33 ||    48
Throw: Throwing net      |       |     1 |       |       ||     1
 Cast: Foxfire           |    82 |    77 |    87 |    78 ||   324
       Scorch            |     8 |    33 |    42 |    17 ||   100
       Ensorcelled Hiber |       |     3 |     4 |       ||     7
       Inner Flame       |       |     3 |    29 |    35 ||    67
       Summon Small Mamm |       |     3 |     3 |       ||     6
       Conjure Flame     |       |       |     2 |       ||     2
       Flame Wave        |       |       |     8 |       ||     8
       Airstrike         |       |       |     5 |     3 ||     8
       Lee's Rapid Decon |       |       |       |     7 ||     7
       Portal Projectile |       |       |       |     1 ||     1
Invok: Upheaval          |       |     2 |     1 |       ||     3
       Elemental Force   |       |       |       |     1 ||     1
Evoke: Wand              |       |       |     1 |       ||     1
  Use: Potion            |       |     2 |     5 |     1 ||     8
       Scroll            |       |     1 |    14 |     5 ||    20
 Stab: Sleeping          |       |     2 |       |       ||     2
Armor: Robe              |     1 |     9 |    14 |    15 ||    39
       Skin              |       |       |     8 |       ||     8
Dodge: Dodged            |    11 |    45 |    68 |    60 ||   184
       Repelled          |       |       |       |     2 ||     2
Block: Other             |     1 |     6 |    19 |       ||    26
       Orb               |       |       |       |    15 ||    15
       Buckler           |       |       |       |     3 ||     3

Table legend: (Time is in decaauts)
 A = Elapsed time spent in this place.
 B = Non-inter-level travel time spent in this place.
 C = Inter-level travel time spent in this place.
 D = Time resting spent in this place.
 E = Time spent auto-exploring this place.
 F = Levels seen in this place.
 G = Mean time per level.
                   A        B        C        D        E       F      G
               +--------+--------+--------+--------+--------+-----+--------+
         Total |  17789 |  17409 |    380 |   4372 |  10893 |  14 | 1270.6 |
       Dungeon |  15388 |  15008 |    380 |   3689 |   9712 |   9 | 1709.8 |
          Lair |    157 |    157 |      0 |      0 |     64 |   1 |  157.0 |
         Abyss |    425 |    425 |      0 |    248 |      6 |   1 |  425.0 |
         Sewer |   1041 |   1041 |      0 |      0 |    900 |   1 | 1041.0 |
       Ossuary |    764 |    764 |      0 |    435 |    210 |   1 |  764.0 |
       Volcano |     12 |     12 |      0 |      0 |      1 |   1 |   12.0 |
               +--------+--------+--------+--------+--------+-----+--------+

Top non-repeatable levels by time:
     D:2: 2419 daAuts
     D:9: 2045 daAuts
     D:5: 1968 daAuts
     D:6: 1691 daAuts
     D:4: 1672 daAuts
     D:8: 1634 daAuts
     D:1: 1555 daAuts
     D:3: 1389 daAuts
   Sewer: 1041 daAuts
     D:7: 1011 daAuts
 Ossuary: 764 daAuts
 Abyss:2: 425 daAuts
  Lair:1: 157 daAuts
 Volcano: 12 daAuts
